 Dungeon Crawl Stone Soup version 0.25-a0-42-g6c54e25894 (webtiles) character file.

Game seed: 6897985844985291209, levelgen mode: deterministic

1701820 VeronicaPark the Conqueror (level 27, 218/218 HPs)
             Began as a Hill Orc Fighter on Oct 21, 2019.
             Was the Champion of Qazlal.
             Escaped with the Orb
             ... and 3 runes on Oct 23, 2019!
             The game lasted 05:05:48 (72177 turns).

VeronicaPark the Conqueror (Hill Orc Fighter)      Turns: 72177, Time: 05:05:49

Health: 218/218    AC: 39    Str: 30    XL:     27
Magic:  33/33      EV:  8    Int: 13    God:    Qazlal [******]
Gold:   4085       SH: 27    Dex: 16    Spells: 26/40 levels left

rFire    + + .     SeeInvis +   a - +6 broad axe (elec)
rCold    + + +     Gourm    .   x - +1 shield {reflect}
rNeg     + . .     Faith    .   n - +4 gold dragon scales
rPois    +         Spirit   .   (helmet restricted)
rElec    +         Reflect  +   Y - +1 cloak "Ippegiej" {rC+ Dex+3}
rCorr    .         Harm     .   e - +2 pair of gloves {Str+3}
MR       +++..     Clarity  +   E - +2 pair of boots {run}
Stlth    ..........             D - amulet "Ehiuff" {+Rage Slay+3}
HPRegen  0.46/turn              p - ring "Hattenn" {rElec rC++ rN+ Str-5 Int+3 SInv}
MPRegen  0.23/turn              j - ring "Waimiacu" {rF+ MR+ Int+2 Dex+3}

@: repel missiles, quick
A: antennae 1, clarity, frail 2, screaming 2, wild magic 1
0: Orb of Zot
}: 3/15 runes: decaying, silver, gossamer
a: Upheaval, Elemental Force, Disaster Area, Renounce Religion, Evoke Berserk
Rage


You escaped.
You worshipped Qazlal.
Qazlal was exalted by your worship.
You were not hungry.

You visited 10 branches of the dungeon, and saw 52 of its levels.
You also visited: Trove, Ice Cave, Volcano and Desolation.

You collected 8687 gold pieces.
You spent 4602 gold pieces at shops.

Inventory:

Hand Weapons
 a - a +6 broad axe of electrocution (weapon)
 b - a +7 vampiric war axe
Missiles
 h - 41 boomerangs (quivered)
 G - 13 javelins
 M - 8 atropa-tipped darts
 S - 2 throwing nets
 Z - 14 curare-tipped darts
Armour
 e - a +2 pair of gloves of strength (worn)
 n - +4 gold dragon scales (worn)
 t - a +2 helmet of intelligence
 x - a +1 shield of reflection (worn)
 E - a +2 pair of boots of running (worn)
 Y - the +1 cloak "Ippegiej" (worn) {rC+ Dex+3}
   (You found it on level 3 of the Depths)

   It affects your dexterity (+3).
   It protects you from cold.
Magical Staves
 c - an uncursed staff of wizardry
Jewellery
 j - the ring "Waimiacu" (right hand) {rF+ MR+ Int+2 Dex+3}
   (You took it off a frost giant on level 2 of the Depths)

   [ring of intelligence]

   It affects your intelligence (+2).
   It affects your dexterity (+3).
   It protects you from fire.
   It affects your resistance to hostile enchantments.
 p - the ring "Hattenn" (left hand) {rElec rC++ rN+ Str-5 Int+3 SInv}
   (You found it on level 3 of the Crypt)

   [ring of positive energy]

   It affects your strength (-5).
   It affects your intelligence (+3).
   It greatly protects you from cold.
   It insulates you from electricity.
   It protects you from negative energy.
   It lets you see invisible.
 D - the amulet "Ehiuff" (around neck) {+Rage Slay+3}
   (You found it on level 2 of the Realm of Zot)

   [amulet of rage]

   It affects your accuracy and damage with ranged weapons and melee attacks
   (+3).
   It lets you go berserk.
 Q - the ring of Taboxt {+Blink +Fly rElec rPois}
   (You found it on level 3 of the Elven Halls)

   [ring of poison resistance]

   It insulates you from electricity.
   It protects you from poison.
   It lets you fly.
   It lets you blink.
Wands
 g - a wand of clouds (15)
 l - a wand of iceblast (54)
 y - a wand of acid (31)
 J - a wand of digging (15)
Scrolls
 k - 17 scrolls of remove curse
 o - 4 scrolls of identify
 q - a scroll of immolation
 u - 10 scrolls of teleportation
 v - 6 scrolls of holy word
 w - 10 scrolls of fear
 C - 4 scrolls of silence
 F - 9 scrolls of fog
 O - 5 scrolls of amnesia
 R - a scroll of summoning
 T - 7 scrolls of blinking
 X - 7 scrolls of magic mapping
Potions
 d - a potion of might
 i - 18 potions of curing
 m - 3 potions of agility
 r - 3 potions of haste
 z - 4 potions of invisibility
 B - 8 potions of brilliance
 H - 7 potions of heal wounds
 I - 7 potions of ambrosia
 L - 5 potions of resistance
 P - 4 potions of berserk rage
 U - 3 potions of cancellation
 V - 4 potions of magic
Miscellaneous
 A - a lamp of fire
 N - 9 boxes of beasts
 W - 5 phantom mirrors
Comestibles
 f - 68 rations


   Skills:
 O Level 27 Fighting
 - Level 18.2 Axes
   Level 1.2(10.6) Maces & Flails
 - Level 18.9 Throwing
 - Level 23.0 Armour
 - Level 21.5 Shields
 - Level 7.0 Spellcasting
 - Level 12.3 Charms
 - Level 11.0 Necromancy
 + Level 3.9 Transmutations
 + Level 0.4 Air Magic
 - Level 10.9 Earth Magic
 - Level 12.9 Invocations
 - Level 9.0 Evocations


You had 26 spell levels left.
You knew the following spells:

 Your Spells              Type           Power        Failure   Level  Hunger
a - Song of Slaying       Chrm           #####...     2%          2    #......
b - Regeneration          Chrm/Necr      #####.....   4%          3    ##.....
c - Borgnjor's Vile Clut  Necr/Erth      #####.....   43%         5    ######.
d - Swiftness             Chrm/Air       ####....     19%         2    #......
e - Passwall              Tmut/Erth      ####....     13%         2    #......

Your spell library contained the following spells:

 Spells                   Type           Power        Failure   Level  Hunger
 Infusion                 Chrm           ####         1%          1    None
 Animate Skeleton         Necr           N/A          2%          1    None
 Pain                     Necr           ####         2%          1    None
 Sandblast                Erth           #####.       2%          1    None
 Corpse Rot               Necr           N/A          3%          2    #......
 Sublimation of Blood     Necr           #####.....   3%          2    #......
 Vampiric Draining        Necr           #####.....   6%          3    ##.....
 Animate Dead             Necr           N/A          17%         4    ####...
 Shroud of Golubria       Chrm/Tloc      ####..       21%         2    #......
 Beastly Appendage        Tmut           ###...       30%         1    None
 Ozocubu's Armour         Chrm/Ice       ####....     34%         3    ##.....
 Spectral Weapon          Hex/Chrm       ####....     34%         3    ##.....
 Excruciating Wounds      Chrm/Necr      #####.....   34%         5    ######.
 Sticks to Snakes         Tmut           ###.....     43%         2    #......
 Agony                    Necr           #####...     43%         5    ######.
 Dispel Undead            Necr           #####...     43%         5    ######.
 Lee's Rapid Deconstruct  Erth           #####.....   43%         5    ######.
 Stone Arrow              Conj/Erth      ###...       45%         3    ##.....
 Petrify                  Tmut/Erth      ####....     56%         4    ####...
 Shock                    Conj/Air       #...         78%         1    None
 Apportation              Tloc           #.....       82%         1    None
 Confusing Touch          Hex            #.....       82%         1    None
 Corona                   Hex            #......      82%         1    None
 Flame Tongue             Conj/Fire      #....        82%         1    None
 Freeze                   Ice            #...         82%         1    None
 Magic Dart               Conj           #...         82%         1    None
 Sting                    Conj/Pois      #...         82%         1    None
 Summon Butterflies       Summ           #.......     82%         1    None
 Summon Small Mammal      Summ           #...         82%         1    None
 Leda's Liquefaction      Hex/Erth       ###.......   83%         4    ####...
 Spider Form              Tmut/Pois      ##........   88%         3    ##.....
 Poisonous Vapours        Pois/Air       #.....       89%         2    #......
 Blink                    Tloc           N/A          90%         2    #......
 Call Imp                 Summ           #.......     90%         2    #......
 Ensorcelled Hibernation  Hex/Ice        #.....       90%         2    #......
 Searing Ray              Conj           #.....       90%         2    #......
 Slow                     Hex            #.......     90%         2    #......
 Throw Flame              Conj/Fire      #.....       90%         2    #......
 Throw Frost              Conj/Ice       #.....       90%         2    #......
 Death Channel            Necr           #####.....   92%         6    #######
 Ignite Poison            Fire/Tmut/Pois ##......     94%         3    ##.....
 Mephitic Cloud           Conj/Pois/Air  #.......     98%         3    ##.....
 Static Discharge         Conj/Air       #.......     98%         3    ##.....
 Bolt of Draining         Conj/Necr      ###.......   98%         5    ######.
 Call Canine Familiar     Summ           #.......     99%         3    ##.....
 Confuse                  Hex            #.......     99%         3    ##.....
 Conjure Flame            Conj/Fire      #.......     99%         3    ##.....
 Dazzling Spray           Conj/Hex       #.....       99%         3    ##.....
 Gell's Gravitas          Tloc           #.........   99%         3    ##.....
 Inner Flame              Hex/Fire       #.......     99%         3    ##.....
 Lesser Beckoning         Tloc           #.........   99%         3    ##.....
 Portal Projectile        Hex/Tloc       #.....       99%         3    ##.....
 Recall                   Summ/Tloc      N/A          99%         3    ##.....
 Summon Guardian Golem    Hex/Summ       #.......     99%         3    ##.....
 Teleport Other           Tloc           #.......     99%         3    ##.....
 Tukima's Dance           Hex            #.......     99%         3    ##.....
 Ice Form                 Ice/Tmut       ##......     99%         4    ####...
 Airstrike                Air            #.........   100%        4    ####...
 Cause Fear               Hex            #.........   100%        4    ####...
 Force Lance              Conj/Tloc      #.......     100%        4    ####...
 Fulminant Prism          Conj/Hex       #.........   100%        4    ####...
 Iskenderun's Mystic Bla  Conj           #.......     100%        4    ####...
 Olgreb's Toxic Radiance  Pois           #.......     100%        4    ####...
 Sticky Flame             Conj/Fire      #.......     100%        4    ####...
 Summon Ice Beast         Ice/Summ       #.......     100%        4    ####...
 Summon Lightning Spire   Summ/Air       #.......     100%        4    ####...
 Throw Icicle             Conj/Ice       #.......     100%        4    ####...
 Alistair's Intoxication  Tmut/Pois      ##......     100%        5    ######.
 Blade Hands              Tmut           ###.......   100%        5    ######.
 Fireball                 Conj/Fire      #.........   100%        5    ######.
 Irradiate                Conj/Tmut      ##........   100%        5    ######.
 Lightning Bolt           Conj/Air       #.........   100%        5    ######.
 Venom Bolt               Conj/Pois      #.........   100%        5    ######.
 Yara's Violent Unravell  Hex/Tmut       ##........   100%        5    ######.
 Bolt of Fire             Conj/Fire      #.........   100%        6    #######
 Conjure Ball Lightning   Conj/Air       #.........   100%        6    #######
 Dispersal                Tloc           #.........   100%        6    #######
 Freezing Cloud           Conj/Ice/Air   #.........   100%        6    #######
 Hydra Form               Tmut           ###.......   100%        6    #######
 Invisibility             Hex            #.......     100%        6    #######
 Poison Arrow             Conj/Pois      #.........   100%        6    #######
 Simulacrum               Ice/Necr       ###.......   100%        6    #######
 Statue Form              Tmut/Erth      ####.....    100%        6    #######
 Dragon Form              Tmut           ###.......   100%        7    #######
 Malign Gateway           Summ/Tloc      #.........   100%        7    #######
 Ring of Flames           Chrm/Fire      ####......   100%        7    #######
 Chain Lightning          Conj/Air       #.........   100%        8    #######
 Discord                  Hex            #.........   100%        8    #######
 Ignition                 Fire           #.........   100%        8    #######
 Lehudib's Crystal Spear  Conj/Erth      ###.......   100%        8    #######
 Necromutation            Tmut/Necr      ####......   100%        8    #######
 Fire Storm               Conj/Fire      #.........   100%        9    #######
 Glaciate                 Conj/Ice       #.........   100%        9    #######
 Passage of Golubria      Tloc           Unusable     N/A         4    N/A

Dungeon Overview and Level Annotations

Branches:
Dungeon (15/15)            Temple (0/1) D:7            Lair (6/6) D:8
  Swamp (4/4) Lair:2       Spider (4/4) Lair:2        Slime (0/5) Lair:6
    Orc (2/2) D:12            Elf (3/3) Orc:2        Vaults (5/5) D:13
  Crypt (3/3) Vaults:3       Tomb (0/3) Crypt:3      Depths (5/5) D:15
    Zot (5/5) Depths:5      IceCv (visited)         Volcano (visited)
Desolation (visited)

Altars:
Dithmenos
Kikubaaqudgha
Nemelex Xobeh
Okawaru
Qazlal
Xom
Yredelemnul
Zin
Jiyva

Shops:
D:4 =   D:10 [   Orc:2 ?![}   Elf:1 [   Vaults:1 (   Depths:4 }}=

Portals:
Hell: Depths:1 Depths:2 Depths:3 Depths:4 Depths:5
Abyss: Depths:1 Depths:4 Depths:5
Pandemonium: Orc:2 Depths:3 Depths:5
Ziggurat: Depths:1

Annotations:
D:3 exclusion: downstairs
D:4 Grinder
D:6 3 runed translucent doors, exclusion: 2 downstairs, Daviar's ghost, novice FoFi
D:11 exclusion: 2 downstairs
Swamp:2 exclusion: downstairs
Spider:3 exclusion: downstairs


Innate Abilities, Weirdness & Mutations

You have a pair of small antennae on your head.
You possess an exceptional clarity of mind.
You are very frail. (-20% HP)
You sometimes yell uncontrollably at your foes.
Your spells are a little harder to cast, but a little more powerful.


Message History

Your extra speed is starting to run out.
Evoke which item? (* to show all) (? for menu, Esc to quit)
Aiming: Dig
Press: ? - help, Shift-Dir - straight line A rock wall.
This square is covered in magical glow.
The rock shatters into small pieces.
A chaos spawn comes into view.
You block the chaos spawn's attack.
You slice the chaos spawn!!
Lightning courses through the chaos spawn!
You kill the chaos spawn!
Qazlal accepts your kill.
The chaos spawn degenerates into a cloud of primal chaos!
No target in view!
No target in view!
You feel yourself slow down.
There is a staircase leading out of the dungeon here.
You can't go down here!
You have escaped!

....# #.# #.# #.###...#.###.
..#.# #.# #.# #.# ##..##....
#.#.# #.# #.# #.# #..###.## #.#.#
#.###.########.# #..# #.# #.#.#
#............#.####..###.##
#.#.###########.##.#...........##
#..........................######
....#..########.##.#######.......
######..#......☼@#.# ########
##'####.#...#.# # ##....##.#.○°.#
# #.......####..##
#..#......###..#
######.......##.#
#..##.##.....##.#
#....#####.#.##.#
#......#####.##.#


There were no monsters in sight!

Vanquished Creatures
  4 orbs of fire (Zot:5)
  7 ancient liches
  A juggernaut (Depths:2)
  Sojobo (Depths:3)
  4 Killer Klowns (Zot:5)
  Bai Suzhen (Depths:2)
  Saint Roka (Elf:3)
  Margery (Depths:3)
  Xtahua (Crypt:3)
  Frederick (Depths:3)
  Nikola (Spider:1)
  10 golden dragons
  Arachne (Spider:3)
  A profane servitor (Crypt:3)
  Jory (Depths:5)
  2 bone dragons
  3 electric golems
  9 liches
  13 tentacled monstrosities
  Rupert (D:15)
  26 Orb Guardians
  An Ice Fiend (Depths:1)
  3 deep elf blademasters
  7 titans
  Asterion (Vaults:2)
  A deep elf master archer (Elf:3)
  4 quicksilver dragons
  Frances (Spider:2)
  5 sphinxes
  The ghost of vurker the Scorcher, an adept OpFE of Vehumet (Spider:1)
  5 death cobs
  3 thorn hunters
  A revenant (Crypt:1)
  6 tengu reavers
  Donald (Spider:1)
  10 shadow dragons
  Kirke (Spider:1)
  10 storm dragons
  Roxanne (Spider:1)
  9 deep elf sorcerers
  2 draconian monks
  A draconian scorcher (Zot:2)
  8 ghost moths
  8 frost giants
  16 vault wardens
  11 fire giants
  Aizul (Spider:3)
  3 draconian knights
  A cacodemon (D:14)
  9 ghouls
  5 draconian shifters
  An iron dragon (Vaults:5)
  A balrug (Depths:5)
  2 curse skulls (Crypt:3)
  4 deep elf elementalists
  6 war gargoyles
  12 very ugly things
  A spriggan defender (Depths:3)
  6 emperor scorpions
  7 draconian annihilators
  A draconian stormcaller (Zot:3)
  17 ironheart preservers
  21 stone giants
  4 vampire knights (Depths:2)
  6 entropy weavers
  9 green draconians
  6 spark wasps
  9 black draconians
  6 deep elf demonologists
  7 deep elf annihilators
  7 purple draconians
  8 red draconians
  7 yellow draconians
  14 white draconians
  6 ettins
  5 deep elf death magi
  2 blizzard demons
  A mummy priest (Crypt:3)
  2 crystal guardians (Depths:4)
  8 eidola
  A green death (D:14)
  10 fire dragons
  2 ragged hierophants
  A quicksilver dragon zombie (Crypt:3)
  4 jiangshi
  18 ogre magi
  13 yaktaur captains
  4 deep elf high priests
  7 great orbs of eyes
  4 rakshasas
  16 ice dragons
  A juggernaut simulacrum (Depths:4)
  2 peacekeepers (Desolation)
  2 spriggan air magi (Depths:3)
  4 shambling mangroves
  A catoblepas (Lair:6)
  3 servants of whispers (Desolation)
  2 quicksilver dragon skeletons
  30 vault guards
  18 hydras
  8 centaur warriors
  50 two-headed ogres
  An anaconda (Lair:6)
  3 ghost crabs
  31 dancing weapons
  3 death yaks (Lair:3)
  6 deep troll shamans
  8 death knights
  17 alligators
  4 death scarabs (Spider:4)
  2 vampire magi
  6 tengu warriors
  8 orc high priests (Orc:2)
  3 spriggan berserkers (Depths:4)
  8 deep troll earth magi
  5 hell knights (Depths:3)
  2 titan zombies
  6 small abominations
  8 spriggans
  27 deep elf knights
  29 skeletal warriors
  2 sun demons
  17 deep trolls
  4 shadow wraiths
  3 iron trolls
  2 golden dragon zombies
  A storm dragon skeleton (Depths:4)
  A ghost moth zombie (Crypt:3)
  A sixfirhy (Orc:2)
  7 unseen horrors
  5 glowing orange brains
  11 flayed ghosts
  4 spriggan druids
  3 golden dragon skeletons
  A lindwurm (shapeshifter) (Vaults:5)
  9 large abominations
  2 wizards
  15 swamp dragons
  20 deep elf archers
  A torturous demonspawn (Orc:2)
  3 harpies (Vaults:4)
  12 ironbrand convokers
  5 lindwurms
  2 sphinx zombies
  12 orb spiders
  19 phantasmal warriors
  An anaconda skeleton (Crypt:1)
  59 deep elf magi
  3 spectral wolf spiders (Spider:4)
  A wolf spider zombie (Crypt:3)
  5 necromancers
  A shadow dragon zombie (Crypt:3)
  44 ugly things
  A frost giant zombie (Crypt:3)
  An iron dragon skeleton (Depths:2)
  17 orc knights
  35 wolf spiders
  A shadow dragon skeleton (Crypt:2)
  A salamander (shapeshifter) (Vaults:3)
  A dire elephant zombie (Crypt:3)
  A human zombie (Vaults:2)
  6 orc sorcerers
  4 manticores
  A tengu skeleton (Vaults:2)
  5 cyclopes
  2 fire giant zombies (Crypt:3)
  A manticore (shapeshifter) (Depths:3)
  A shock serpent zombie (Crypt:3)
  2 fire giant skeletons
  32 moths of wrath
  Maurice (D:11)
  2 guardian serpents
  2 elf zombies
  3 ice statues
  11 vault sentinels
  A smoke demon (Depths:5)
  5 molten gargoyles
  6 black mambas
  4 torpor snails
  7 gargoyles
  24 spiny frogs
  5 spectral swamp worms (Depths:4)
  An eye of devastation (shapeshifter) (Vaults:5)
  13 freezing wraiths
  3 kobold demonologists
  An orange demon (D:4)
  2 komodo dragons (shapeshifter)
  3 komodo dragons
  37 yaktaurs
  3 spectral redbacks (Spider:4)
  4 ice devils
  2 hellwings
  7 tengu conjurers
  2 yaktaur skeletons (Vaults:2)
  6 rime drakes
  2 redback zombies (Spider:4)
  A black draconian skeleton (Crypt:2)
  4 efreet
  2 queen bees
  14 demonic crawlers
  A wind drake (shapeshifter) (Depths:1)
  A harpy zombie (Crypt:2)
  5 trolls
  A queen bee (shapeshifter) (Depths:3)
  A troll (shapeshifter) (Vaults:4)
  A death yak skeleton (Crypt:2)
  3 meliai (Spider:2)
  2 meliai (shapeshifter)
  3 spectral jumping spiders (Spider:4)
  Prince Ribbit (D:6)
  25 polar bears
  17 tyrant leeches
  46 jumping spiders
  25 hornets
  36 saltlings
  5 spectral tarantellas (Spider:4)
  A hydra skeleton (Crypt:1)
  A jumping spider zombie (Spider:4)
  A meliai zombie (D:13)
  13 blink frogs
  3 ettin zombies
  A fire dragon zombie (Crypt:3)
  5 bog bodies
  34 slime creatures
  2 dream sheep (shapeshifter)
  2 raiju (Lair:6)
  8 hippogriffs
  2 tarantella zombies (Spider:4)
  A frost giant simulacrum (Vaults:2)
  Sigmund (D:5)
  4 flying skulls (Crypt:1)
  2 redbacks (shapeshifter)
  7 air elementals
  A spriggan skeleton (Depths:2)
  4 wyverns
  90 redbacks
  34 tarantellas
  6 wraiths
  4 shadows
  A wind drake zombie (Crypt:1)
  7 fire elementals
  66 yaks
  2 hogs
  A basilisk (shapeshifter) (Vaults:3)
  5 basilisks
  2 fire bats (Lair:1)
  4 water elementals
  24 vampire mosquitoes
  4 chaos spawn
  2 neqoxecs
  2 steam dragons (Lair:6)
  6 hungry ghosts
  2 ushabtiu (Crypt:3)
  18 swamp worms
  14 wargs
  18 insubstantial wisps (Swamp:4)
  2 acid dragons
  A gelid demonspawn zombie (Crypt:3)
  11 water moccasins
  A two-headed ogre zombie (D:12)
  A floating eye (shapeshifter) (Depths:1)
  A gelid demonspawn skeleton (Crypt:2)
  17 hell hounds
  4 porcupines
  20 swamp drakes
  A spectral hornet (Spider:4)
  61 orc warriors
  A spiny frog skeleton (Crypt:2)
  3 hornet zombies
  Duvessa (D:7)
  8 ice beasts
  13 black bears
  A dream sheep zombie (Crypt:2)
  2 sky beasts
  2 eyes of draining
  An eye of draining (shapeshifter) (Depths:2)
  14 necrophages
  52 ogres
  3 boggarts (Vaults:2)
  4 phantoms
  13 centaurs
  48 wolves
  A centaur (shapeshifter) (Vaults:5)
  15 crocodiles
  A swamp dragon skeleton (Crypt:2)
  4 big kobolds
  A salamander skeleton (Crypt:2)
  14 bullfrogs
  10 earth elementals
  Dowan (D:7)
  9 wyvern skeletons
  6 scorpions
  A water moccasin skeleton (Crypt:2)
  A raiju skeleton (Crypt:1)
  3 troll zombies (D:12)
  29 killer bees
  2 howler monkeys
  19 wights
  9 crimson imps
  4 centaur zombies
  2 bullfrog zombies
  A quasit (D:11)
  7 hounds
  26 orc wizards
  19 orc priests
  8 centaur skeletons
  3 jellies
  2 bullfrog skeletons
  A black bear skeleton (Crypt:2)
  A porcupine zombie (Crypt:2)
  Terence (D:3)
  10 iguanas
  13 worker ants
  2 naga zombies
  5 ogre zombies
  A hound zombie (D:7)
  2 hound skeletons (D:10)
  A mummy (Crypt:3)
  A worker ant zombie (D:8)
  12 adders
  6 shadow imps
  12 white imps (D:14)
  3 oozes
  7 worms
  6 leopard geckos
  86 orcs
  3 ball pythons
  6 bats
  2 giant cockroaches (D:3)
  5 hobgoblins
  10 jackals
  5 quokkas
  A dart slug zombie (Crypt:1)
  4 frilled lizards
  6 goblins
  A goblin skeleton (D:12)
  3 goblin zombies (D:12)
  5 hobgoblin zombies (D:12)
  A jackal zombie (D:6)
  19 kobolds
  2 leopard gecko zombies
  2 orc skeletons (D:12)
  14 orc zombies (D:12)
  A quokka skeleton (D:7)
  A quokka zombie (D:7)
  9 rats
  2 crawling corpses (Elf:3)
  4 fire vortices
  3 fungi
  11 plants
  10 withered plants (Crypt:3)
2718 creatures vanquished.

Vanquished Creatures (collateral kills)
  Sonja (Lair:5)
  A deep elf death mage (Elf:3)
  A fire dragon (D:15)
  4 death scarabs (Spider:4)
  A spectral wolf spider (Spider:4)
  An ugly thing (Vaults:1)
  A deep elf mage (Elf:3)
  A vault sentinel (Vaults:1)
  A spiny frog (Lair:5)
  A centaur simulacrum (D:15)
  4 yaks (Lair:5)
  2 orc warriors (Vaults:1)
19 creatures vanquished.

Vanquished Creatures (others)
  A deep elf master archer (Elf:3)
  A tengu reaver (Depths:3)
  A fire giant (Depths:4)
  An emperor scorpion (Spider:1)
  A war gargoyle (Vaults:5)
  A stone giant (Depths:5)
  An ironheart preserver (Vaults:5)
  Nessos (Lair:5)
  2 yaktaur captains
  An ice dragon (Depths:3)
  2 ogre magi
  A deep elf knight (Elf:1)
  A swamp dragon (Swamp:4)
  6 deep elf archers
  A deep elf mage (Elf:1)
  2 orb spiders (Spider:1)
  A wolf spider (Spider:1)
  A moth of wrath (Zot:1)
  An ugly thing (Vaults:3)
  A spiny frog (Swamp:4)
  6 yaktaurs
  A jumping spider (Spider:1)
  A saltling (Desolation)
  2 tyrant leeches
  A tarantella (Spider:1)
  An air elemental (Elf:3)
  A shadow (Swamp:2)
  A fire elemental (Volcano)
  2 humans (Spider:1)
  A water elemental (Elf:3)
  2 swamp worms (Swamp:4)
  An orc warrior (Elf:3)
  A boggart (Vaults:2)
  An ogre (Vaults:3)
  An iguana (D:14)
  An orc (Elf:3)
  A fungus (Lair:2)
  35 plants
  2 withered plants (Crypt:3)
90 creatures vanquished.

Grand Total: 2827 creatures vanquished

Notes
Turn   | Place    | Note
-------+----------+-------------------------------------------
     0 | D:1      | VeronicaPark the Hill Orc Fighter began the quest for the
                  | Orb.
     0 | D:1      | Reached XP level 1. HP: 19/19 MP: 1/1
    51 | D:1      | Reached XP level 2. HP: 22/27 MP: 2/2
   219 | D:1      | Reached skill level 4 in Fighting
   366 | D:1      | Reached XP level 3. HP: 30/33 MP: 3/3
   868 | D:2      | Found a sparkling altar of Nemelex Xobeh.
   896 | D:2      | Reached XP level 4. HP: 35/40 MP: 4/4
  1387 | D:3      | Noticed Terence
  1416 | D:3      | Killed Terence
  1416 | D:3      | Reached XP level 5. HP: 44/46 MP: 5/5
  1618 | D:3      | Reached skill level 5 in Axes
  2094 | D:3      | Reached skill level 1 in Throwing
  2221 | D:4      | Found Vysm's Jewellery Boutique.
  2329 | D:4      | Reached XP level 6. HP: 53/53 MP: 6/6
  2423 | D:4      | Noticed a phantom
  2454 | D:4      | Killed a phantom
  2578 | D:4      | Reached skill level 5 in Fighting
  2643 | D:4      | Noticed Grinder
  2645 | D:4      | Paralysed by Grinder for 2 turns
  3104 | D:5      | Entered Level 5 of the Dungeon
  3187 | D:5      | Noticed Sigmund
  3201 | D:5      | Killed Sigmund
  3201 | D:5      | Reached XP level 7. HP: 46/61 MP: 7/7
  4098 | D:6      | Noticed Prince Ribbit
  4514 | D:6      | Reached skill level 5 in Armour
  4643 | D:6      | Killed Prince Ribbit
  4643 | D:6      | Reached XP level 8. HP: 23/70 MP: 8/8
  4988 | D:6      | Found a runed translucent gate.
  5063 | D:6      | Found a runed translucent gate.
  5063 | D:6      | Found a runed translucent gate.
  5063 | D:6      | Noticed Daviar's ghost (novice FoFi)
  5432 | D:7      | Reached skill level 6 in Fighting
  5471 | D:7      | Noticed a hippogriff
  5531 | D:7      | Killed a hippogriff
  5531 | D:7      | Reached XP level 9. HP: 75/75 MP: 9/9
  5755 | D:7      | Reached skill level 10 in Axes
  5888 | D:7      | Noticed Dowan
  6072 | D:7      | Noticed Duvessa
  6080 | D:7      | Killed Duvessa
  6080 | D:7      | Reached skill level 5 in Throwing
  6109 | D:7      | Killed Dowan
  6698 | D:7      | Found an ancient bone altar of Kikubaaqudgha.
  6707 | D:7      | Found a stormy altar of Qazlal.
  6731 | D:7      | Found a staircase to the Ecumenical Temple.
  6974 | D:7      | Became a worshipper of Qazlal Stormbringer
  7264 | D:8      | Reached skill level 7 in Fighting
  7300 | D:8      | Noticed a manticore
  7317 | D:8      | Killed a manticore
  7462 | D:8      | Reached XP level 10. HP: 57/86 MP: 10/10
  7748 | D:8      | Reached * piety under Qazlal
  7839 | D:8      | Found a staircase to the Lair.
  7852 | D:8      | Noticed a two-headed ogre
  8143 | D:8      | Killed a two-headed ogre
  8411 | D:8      | Reached skill level 8 in Fighting
  9005 | D:9      | Reached ** piety under Qazlal
  9064 | D:9      | Reached skill level 5 in Shields
  9118 | D:9      | Got a steaming jade ring
  9160 | D:9      | Reached XP level 11. HP: 83/93 MP: 8/11
  9687 | D:10     | Entered Level 10 of the Dungeon
 10223 | D:10     | Found Xiotuz's Armour Emporium.
 10340 | D:10     | Reached *** piety under Qazlal
 10647 | D:11     | Killed an unseen horror
 10648 | D:11     | Noticed a skeletal warrior
 10894 | D:11     | Noticed Maurice
 10909 | D:11     | Killed Maurice
 10929 | D:11     | Identified the ring of Xuikhlats {+Fly rPois Int+2} (You
                  | found it on level 9 of the Dungeon)
 10973 | D:11     | Noticed a skeletal warrior
 10973 | D:11     | Noticed a skeletal warrior
 10974 | D:11     | Noticed a cyclops
 10979 | D:11     | Killed a cyclops
 10988 | D:11     | Reached skill level 9 in Fighting
 11461 | D:11     | Identified the cursed +0 hunting sling of Ibbaw {venom, rC+
                  | MR+}
 11553 | D:11     | Killed a skeletal warrior
 11630 | D:10     | Killed a skeletal warrior
 11686 | D:11     | Noticed a sun demon
 11708 | D:10     | Killed a skeletal warrior
 11874 | D:10     | Reached XP level 12. HP: 104/104 MP: 12/12
 12106 | D:11     | Found a glowing silver altar of Zin.
 12300 | D:12     | Found a staircase to the Orcish Mines.
 12702 | D:12     | Reached **** piety under Qazlal
 13060 | D:12     | Reached skill level 15 in Axes
 13157 | D:12     | Reached skill level 10 in Armour
 13323 | D:12     | Reached ***** piety under Qazlal
 13329 | D:12     | Reached skill level 1 in Invocations
 13734 | D:12     | Noticed an ettin
 13734 | D:12     | Noticed a two-headed ogre
 14139 | D:12     | Killed a two-headed ogre
 14262 | D:12     | Killed an ettin
 14262 | D:12     | Reached skill level 10 in Fighting
 15624 | D:13     | Noticed an ironheart preserver
 15648 | D:13     | Identified the ring of Megalomania {*Corrode Str+2 Dex+6
                  | SInv}
 15648 | D:13     | Noticed a tengu warrior
 15652 | D:13     | Noticed a tengu warrior
 15661 | D:12     | Killed a tengu warrior
 15752 | D:13     | Killed an ironheart preserver
 15752 | D:13     | Reached XP level 13. HP: 72/113 MP: 16/16
 15752 | D:13     | Reached skill level 5 in Invocations
 16017 | D:13     | Found a gate to the Vaults.
 16037 | D:13     | Reached skill level 10 in Shields
 16550 | D:13     | Gained mutation: Your mind is acute. (Int +2) [potion of
                  | mutation]
 16550 | D:13     | Gained mutation: You expend magic power (3 MP) to
                  | strengthen your wands. [potion of mutation]
 16568 | D:14     | Found a frozen archway.
 16720 | D:13     | Reached skill level 11 in Fighting
 17033 | D:14     | Reached ****** piety under Qazlal
 17070 | IceCv    | Entered an ice cave
 17764 | IceCv    | Reached XP level 14. HP: 108/123 MP: 19/19
 17860 | IceCv    | Noticed a frost giant
 17883 | IceCv    | Killed a frost giant
 18156 | IceCv    | Got a topaz-encrusted ring mail
 18508 | D:14     | Found a stormy altar of Qazlal.
 18567 | D:14     | Reached skill level 1 in Evocations
 18679 | D:14     | Found a portal to a secret trove of treasure.
 18909 | D:15     | Entered Level 15 of the Dungeon
 18976 | D:15     | Noticed Rupert
 18986 | D:15     | Killed Rupert
 18997 | D:15     | Identified the Catalogue of Destiny
 19038 | D:15     | Reached skill level 1 in Maces & Flails
 19405 | D:15     | Reached skill level 12 in Fighting
 19552 | D:15     | Found an iron altar of Okawaru.
 19681 | D:15     | Found a staircase to the Depths.
 19791 | D:15     | Found a shadowy altar of Dithmenos.
 19956 | D:15     | Identified the +7 ring mail "Ynamol" {rF+ Str+2} (You found
                  | it in an ice cave)
 20205 | Lair:1   | Entered Level 1 of the Lair of Beasts
 20225 | Lair:1   | Found a transporter.
 20335 | Lair:1   | Found a transporter.
 20340 | Lair:1   | Found a shimmering altar of Xom.
 21462 | Lair:2   | Found a staircase to the Swamp.
 21583 | Lair:2   | Found a hole to the Spider Nest.
 23287 | Lair:4   | Reached XP level 15. HP: 114/133 MP: 20/20
 23762 | Lair:5   | Noticed Sonja
 23774 | Lair:5   | Noticed Nessos
 23796 | Lair:5   | Killed Nessos
 23810 | Lair:5   | Killed Sonja
 24163 | Lair:5   | Found a dark tunnel.
 24168 | Volcano  | Entered a volcano
 24192 | Volcano  | Reached skill level 5 in Evocations
 25239 | Lair:6   | Entered Level 6 of the Lair of Beasts
 25379 | Lair:6   | Reached skill level 13 in Fighting
 26594 | Lair:6   | Found the +2 robe of Vines {NoPotionHeal Regen+7}
 26617 | Lair:6   | Found a viscous altar of Jiyva.
 26617 | Lair:6   | Found a staircase to the Slime Pits.
 26785 | Lair:6   | Reached XP level 16. HP: 120/144 MP: 21/21
 27347 | Orc:1    | Entered Level 1 of the Orcish Mines
 27751 | Orc:2    | Entered Level 2 of the Orcish Mines
 27761 | Orc:2    | Reached skill level 15 in Shields
 27885 | Orc:2    | Found a staircase to the Elven Halls.
 28098 | Orc:2    | Found Axzusis's Distillery.
 28122 | Orc:2    | Found Wyssael's Magic Scroll Shoppe.
 28205 | Orc:2    | Bought a scroll of blinking for 97 gold pieces
 28205 | Orc:2    | Bought 2 scrolls of teleportation for 78 gold pieces
 28205 | Orc:2    | Bought a scroll of teleportation for 39 gold pieces
 28287 | Orc:2    | Gained mutation: Potions are less effective at restoring
                  | your health. [a neqoxec]
 28508 | Orc:2    | Paralysed by an orc sorcerer for 7 turns
 28519 | Orc:2    | Reached skill level 14 in Fighting
 28585 | Orc:2    | Found Daseapt's Antique Armour Boutique.
 28585 | Orc:2    | Found a one-way gate leading to the halls of Pandemonium.
 28585 | Orc:2    | Found Iqoif's Gadget Shop.
 28596 | Orc:2    | Bought a polished chain mail for 275 gold pieces
 28596 | Orc:2    | Bought a glowing helmet for 217 gold pieces
 28629 | Orc:2    | Identified the +8 chain mail "Xusaxiuch" {*Corrode MR+
                  | Str+4} (You bought it in a shop on level 2 of the Orcish
                  | Mines)
 29130 | Spider:1 | Entered Level 1 of the Spider Nest
 29147 | Spider:1 | Noticed Nikola
 29436 | Spider:1 | Killed Nikola
 29573 | Spider:1 | Noticed Kirke
 29592 | Spider:1 | Killed Kirke
 29750 | Spider:1 | Noticed Donald
 29773 | Spider:1 | Killed Donald
 29879 | Spider:1 | Noticed Roxanne
 30014 | Spider:1 | Killed Roxanne
 30014 | Spider:1 | Reached XP level 17. HP: 154/154 MP: 22/22
 30174 | Spider:1 | Found a runed translucent door.
 30175 | Spider:1 | Noticed vurker's ghost (adept OpFE)
 30367 | Spider:1 | Killed vurker's ghost
 30712 | Spider:2 | Reached skill level 15 in Fighting
 30850 | Spider:2 | Noticed Frances
 30861 | Spider:2 | Killed Frances
 32493 | Spider:4 | Entered Level 4 of the Spider Nest
 32496 | Spider:4 | Noticed Arachne
 32795 | Orc:2    | Bought a scroll of enchant weapon for 97 gold pieces
 33027 | Swamp:1  | Entered Level 1 of the Swamp
 33967 | Swamp:2  | Reached XP level 18. HP: 166/166 MP: 24/24
 34049 | Swamp:2  | Reached skill level 15 in Armour
 34816 | Swamp:3  | Found a transporter.
 34975 | Swamp:3  | Found a transporter.
 35101 | Swamp:3  | Reached skill level 16 in Fighting
 35674 | Swamp:4  | Entered Level 4 of the Swamp
 36735 | Swamp:4  | Got a decaying rune of Zot
 37231 | Vaults:1 | Entered Level 1 of the Vaults
 37255 | Vaults:1 | Reached XP level 19. HP: 174/174 MP: 25/25
 37328 | Vaults:1 | Paralysed by an ogre mage for 5 turns
 37477 | Vaults:1 | Reached skill level 17 in Fighting
 37528 | Vaults:1 | Found Tuisumpe's Antique Weapon Shop.
 38626 | D:14     | You paid a toll of 16 scrolls of teleportation to enter a
                  | treasure trove
 38627 | Trove    | Entered a treasure trove
 38660 | Trove    | Identified Sif Muna's Incunabulum of Ghastly Shape Shifting
 38663 | Trove    | Identified Sif Muna's Compendium of Attacks
 39374 | Vaults:2 | Reached skill level 18 in Fighting
 39378 | Vaults:2 | Lost mutation: You expend magic power (3 MP) to strengthen
                  | your wands. [potion of mutation]
 39378 | Vaults:2 | Lost mutation: Your mind is acute. (Int +2) [potion of
                  | mutation]
 39378 | Vaults:2 | Lost mutation: Potions are less effective at restoring your
                  | health. [potion of mutation]
 39378 | Vaults:2 | Gained mutation: You have large cloven feet. [potion of
                  | mutation]
 39378 | Vaults:2 | Gained mutation: You are partially covered in thin metallic
                  | scales. (AC +2) [potion of mutation]
 39378 | Vaults:2 | Gained mutation: Scrolls take you a little longer to read.
                  | [potion of mutation]
 39378 | Vaults:2 | Gained mutation: You are partially covered in yellow
                  | scales. (AC +2) [potion of mutation]
 39518 | Vaults:2 | Noticed Asterion
 39528 | Vaults:2 | Killed Asterion
 39938 | Vaults:2 | Reached XP level 20. HP: 189/189 MP: 26/26
 40251 | Vaults:3 | Reached skill level 19 in Fighting
 40284 | Vaults:3 | Reached skill level 10 in Invocations
 40372 | Vaults:3 | Found a staircase to the Crypt.
 40482 | Vaults:3 | Identified the +2 pair of gloves of Reason {*Slow rPois
                  | Int+5} (You found it on level 3 of the Vaults)
 40873 | Vaults:3 | Reached skill level 20 in Fighting
 41583 | Vaults:4 | Identified the +0 long sword of Regicide {drain, Fragile
                  | rF+ rN+}
 41684 | Vaults:4 | Reached XP level 21. HP: 203/203 MP: 29/29
 41696 | Vaults:4 | Reached skill level 21 in Fighting
 42559 | Vaults:4 | Noticed an ancient lich
 42578 | Vaults:4 | Killed an ancient lich
 42584 | Vaults:4 | Upgraded the game from 0.25-a0-41-g6cf4ce537d to
                  | 0.25-a0-42-g6c54e25894
 42990 | Spider:4 | Noticed Aizul
 43031 | Spider:3 | Killed Aizul
 43178 | Spider:3 | Killed Arachne
 43283 | Spider:4 | Reached skill level 22 in Fighting
 43586 | Spider:4 | Learned a level 2 spell: Song of Slaying
 44209 | Spider:4 | Got a gossamer rune of Zot
 44706 | Depths:1 | Entered Level 1 of the Depths
 44711 | Depths:1 | Got an ancient chain mail
 44732 | Depths:1 | Reached XP level 22. HP: 192/215 MP: 31/31
 44742 | Depths:1 | Reached skill level 1 in Charms
 44795 | Depths:1 | Reached skill level 5 in Charms
 44815 | Depths:1 | Identified the +6 chain mail of the Earth {Str+4} (You
                  | found it on level 1 of the Depths)
 44828 | Depths:1 | Found a one-way gate to the infinite horrors of the Abyss.
 45018 | Depths:1 | You fall into a shaft and drop 1 floor!
 45044 | Depths:2 | Learned a level 3 spell: Regeneration
 45066 | Depths:2 | Reached skill level 1 in Spellcasting
 45080 | Depths:2 | Reached skill level 1 in Necromancy
 45099 | Depths:2 | Noticed a juggernaut
 45119 | Depths:2 | Killed a juggernaut
 45123 | Depths:2 | Found a gateway to Hell.
 45294 | Depths:1 | Found a gateway to a ziggurat.
 46505 | Depths:2 | Noticed an ancient lich
 46528 | Depths:2 | Killed an ancient lich
 46717 | Depths:2 | Identified the ring of Kucadgha {Fire rPois Str+3 Int+2}
 47744 | Depths:2 | Reached skill level 5 in Necromancy
 47772 | Depths:2 | Reached skill level 10 in Charms
 47808 | Depths:2 | Identified Ikifibb's Almanac of Unholy Secrets
 47894 | Depths:2 | Identified the amulet "Akluntoq" {rF+ rN+ Regen+}
 47999 | Depths:2 | Identified the ring "Waimiacu" {rF+ MR+ Int+2 Dex+3}
 48203 | Depths:2 | Identified the ring "Ytay" {*Drain +Inv rC+ Int+4}
 48957 | Depths:3 | Reached XP level 23. HP: 109/223 MP: 32/32
 48963 | Depths:3 | Reached skill level 5 in Spellcasting
 48964 | Depths:3 | Noticed Bai Suzhen
 48975 | Depths:3 | Noticed Sojobo
 48992 | Depths:2 | Killed Bai Suzhen
 49410 | Crypt:1  | Entered Level 1 of the Crypt
 49505 | Crypt:1  | Identified a scroll of acquirement
 49723 | Crypt:1  | Learned a level 5 spell: Borgnjor's Vile Clutch
 51563 | Crypt:3  | Entered Level 3 of the Crypt
 51687 | Crypt:3  | Noticed Xtahua
 51700 | Crypt:3  | Killed Xtahua
 51974 | Crypt:3  | Identified the ring of the Salamander {rElec rN+ Dex+4
                  | Stlth+} (You found it on level 3 of the Crypt)
 51976 | Crypt:3  | Identified the ring "Hattenn" {rElec rC++ rN+ Str-5 Int+3
                  | SInv} (You found it on level 3 of the Crypt)
 52084 | Crypt:3  | Found a basalt altar of Yredelemnul.
 52242 | Crypt:3  | Reached skill level 10 in Throwing
 52337 | Crypt:3  | Learned a level 2 spell: Swiftness
 52340 | Crypt:3  | Learned a level 2 spell: Passwall
 52552 | Crypt:3  | Reached skill level 1 in Earth Magic
 52626 | Crypt:3  | Found a staircase to the Tomb.
 53009 | Crypt:3  | Reached skill level 1 in Transmutations
 53119 | Crypt:3  | Reached XP level 24. HP: 232/233 MP: 33/33
 53141 | Crypt:3  | Identified the Handbook of Darkness
 53612 | Elf:1    | Entered Level 1 of the Elven Halls
 53626 | Elf:1    | Found a ruined gateway.
 53660 | Desolati | Entered the Desolation of Salt
 53897 | Elf:1    | Found Dagay's Armour Boutique.
 53961 | Elf:1    | Bought a +0 pair of boots of running for 409 gold pieces
 55041 | Elf:2    | Found a runed translucent gate.
 55043 | Elf:2    | Found a runed translucent gate.
 55044 | Elf:2    | Found a runed translucent gate.
 55204 | Elf:2    | Reached skill level 23 in Fighting
 55781 | Elf:3    | Entered Level 3 of the Elven Halls
 55844 | Elf:3    | Noticed Saint Roka
 55883 | Elf:3    | Killed Saint Roka
 55895 | Elf:3    | Reached skill level 5 in Earth Magic
 55900 | Elf:3    | Identified the +5 morningstar of the Shore {crush, rElec
                  | Dex+3}
 55948 | Elf:3    | Reached XP level 25. HP: 244/245 MP: 27/33
 55985 | Elf:3    | Reached skill level 24 in Fighting
 55990 | Elf:3    | Got a coiled copper ring
 55994 | Elf:3    | Identified the ring of Taboxt {+Blink +Fly rElec rPois}
                  | (You found it on level 3 of the Elven Halls)
 57113 | Vaults:5 | Entered Level 5 of the Vaults
 57123 | Vaults:5 | Noticed an ancient lich
 57154 | Vaults:4 | Killed an ancient lich
 58512 | Vaults:5 | Identified the +1 chain mail of Ereti {Str-4 Dex+4}
 58543 | Vaults:4 | Reached XP level 26. HP: 250/254 MP: 25/33
 58636 | Vaults:5 | Found the +4 dagger "Morg" {pain, MR+ Int+5}
 58855 | Vaults:5 | Identified Sif Muna's Handbook of Malediction
 58867 | Vaults:5 | Got a faintly glowing platinum ring
 58903 | Vaults:5 | Identified the ring of Egaan {*Corrode rF+ Str+3 Slay+2
                  | SInv} (You found it on level 5 of the Vaults)
 58911 | Vaults:5 | Identified the +0 buckler of Tuheeph {Str+7} (You found it
                  | on level 5 of the Vaults)
 58916 | Vaults:5 | Identified the +4 ring mail of the Snail {rC+ Dex+5 Slay-6}
                  | (You found it on level 5 of the Vaults)
 59059 | Vaults:5 | Identified the +5 hunting sling of Contradiction {flame,
                  | rPois Str+4} (You found it on level 5 of the Vaults)
 59310 | Vaults:5 | Identified Anast's Collected Works on Supportive Heat
 59315 | Vaults:5 | Identified the +0 scale mail of the Sea {rElec Dex+2} (You
                  | found it on level 5 of the Vaults)
 59520 | Vaults:5 | Got a silver rune of Zot
 59565 | Vaults:5 | Identified the Reference Book on Translocation and Dark
                  | Magic
 60085 | Orc:2    | Bought a scroll of holy word for 97 gold pieces
 60087 | Orc:2    | Bought a potion of might for 60 gold pieces
 60087 | Orc:2    | Bought a potion of haste for 150 gold pieces
 60087 | Orc:2    | Bought a potion of heal wounds for 75 gold pieces
 60116 | Orc:2    | Bought a box of beasts for 260 gold pieces
 60116 | Orc:2    | Bought a phantom mirror for 390 gold pieces
 60116 | Orc:2    | Bought a box of beasts for 260 gold pieces
 60970 | Depths:3 | Killed Sojobo
 61074 | Depths:3 | Identified the +6 scale mail of the Twelve Souls {SInv}
                  | (You found it on level 3 of the Depths)
 61217 | Depths:3 | Noticed Margery
 61223 | Depths:3 | Noticed Frederick
 61233 | Depths:3 | Killed Frederick
 61245 | Depths:3 | Killed Margery
 61504 | Depths:3 | Reached skill level 25 in Fighting
 61509 | Depths:3 | Identified the +9 longbow of Reozyoduk {velocity, Int+5}
                  | (You acquired it on level 3 of the Depths)
 61652 | Depths:3 | Identified the +1 cloak "Ippegiej" {rC+ Dex+3} (You found
                  | it on level 3 of the Depths)
 62440 | Depths:4 | Reached XP level 27. HP: 266/266 MP: 32/33
 62600 | Depths:4 | You fall into a shaft and drop 1 floor!
 62600 | Depths:5 | Entered Level 5 of the Depths
 62614 | Depths:5 | Noticed Jory
 62649 | Depths:5 | Killed Jory
 62794 | Depths:4 | Reached skill level 26 in Fighting
 62983 | Depths:4 | Found Jotim's Gadget Shoppe.
 62984 | Depths:4 | Found Jewuyzoy's Jewellery Shop.
 62985 | Depths:4 | Found Oboepit's Gadget Shoppe.
 62991 | Depths:4 | Bought a box of beasts for 280 gold pieces
 62991 | Depths:4 | Bought a wand of clouds (7) for 462 gold pieces
 62995 | Depths:4 | Bought the macabre finger necklace {rN+} for 720 gold
                  | pieces
 62995 | Depths:4 | Found the macabre finger necklace {rN+}
 63002 | Depths:4 | Bought a wand of digging (3) for 196 gold pieces
 63006 | Depths:4 | Bought a wand of digging (6) for 440 gold pieces
 64396 | Depths:4 | Identified the +10 scale mail "Fearor" {+Blink rElec} (You
                  | found it on level 4 of the Depths)
 64417 | Depths:4 | Noticed an ancient lich
 64427 | Depths:4 | Killed an ancient lich
 64446 | Depths:4 | Identified the Tome of Shifting Air
 65315 | Depths:5 | Found a gate to the Realm of Zot.
 65523 | Depths:5 | Identified the +1 ring mail of Ruvas {+Blink rCorr Str+5
                  | Dex-4} (You found it on level 5 of the Depths)
 65650 | Zot:1    | Entered Level 1 of the Realm of Zot
 65663 | Zot:1    | Reached skill level 27 in Fighting
 67189 | Zot:2    | Got a vibrating ruby amulet
 67192 | Zot:2    | Identified the amulet "Ehiuff" {+Rage Slay+3} (You found it
                  | on level 2 of the Realm of Zot)
 67476 | Zot:3    | Reached skill level 10 in Necromancy
 67485 | Zot:3    | Reached skill level 10 in Earth Magic
 67948 | Zot:3    | You fall into a shaft and drop 1 floor!
 68830 | Zot:5    | Entered Level 5 of the Realm of Zot
 69148 | Zot:5    | Reached skill level 15 in Throwing
 69323 | Zot:5    | Noticed an ancient lich
 69355 | Zot:5    | Noticed an orb of fire
 69363 | Zot:5    | Noticed an orb of fire
 69376 | Zot:5    | Gained mutation: Your magical capacity is low. (-10% MP)
                  | [an orb of fire]
 69398 | Zot:5    | Killed an orb of fire
 69473 | Zot:5    | Gained mutation: You are frail. (-10% HP) [an orb of fire]
 69474 | Zot:5    | Gained mutation: You are weak. (Str -2) [an orb of fire]
 69477 | Zot:5    | Killed an orb of fire
 69555 | Zot:5    | Killed an ancient lich
 69730 | Depths:5 | Lost mutation: You are weak. (Str -2) [potion of mutation]
 69730 | Depths:5 | Lost mutation: Your magical capacity is low. (-10% MP)
                  | [potion of mutation]
 69730 | Depths:5 | Lost mutation: You are partially covered in yellow scales.
                  | (AC +2) [potion of mutation]
 69730 | Depths:5 | Gained mutation: Your body sometimes deteriorates upon
                  | taking damage. [potion of mutation]
 69730 | Depths:5 | Gained mutation: You have hoof-like feet. [potion of
                  | mutation]
 69731 | Depths:5 | Lost mutation: Your body sometimes deteriorates upon taking
                  | damage. [potion of mutation]
 69731 | Depths:5 | Lost mutation: You have hoof-like feet. [potion of
                  | mutation]
 69731 | Depths:5 | Lost mutation: Scrolls take you a little longer to read.
                  | [potion of mutation]
 69731 | Depths:5 | Gained mutation: You have hoof-like feet. [potion of
                  | mutation]
 69731 | Depths:5 | Gained mutation: You have hooves in place of feet. [potion
                  | of mutation]
 69842 | Depths:3 | Lost mutation: You are frail. (-10% HP) [potion of
                  | mutation]
 69842 | Depths:3 | Lost mutation: You have hooves in place of feet. [potion of
                  | mutation]
 69842 | Depths:3 | Lost mutation: You have hoof-like feet. [potion of
                  | mutation]
 69842 | Depths:3 | Lost mutation: You have large cloven feet. [potion of
                  | mutation]
 69842 | Depths:3 | Gained mutation: You are clumsy. (Dex -2) [potion of
                  | mutation]
 69842 | Depths:3 | Gained mutation: You occasionally shout uncontrollably at
                  | your foes. [potion of mutation]
 69842 | Depths:3 | Gained mutation: You are resistant to electric shocks.
                  | (rElec) [potion of mutation]
 70857 | Zot:5    | Noticed an orb of fire
 70864 | Zot:5    | Gained mutation: You sometimes yell uncontrollably at your
                  | foes. [an orb of fire]
 70881 | Zot:5    | Gained mutation: You are frail. (-10% HP) [an orb of fire]
 70885 | Zot:5    | Gained mutation: You possess an exceptional clarity of
                  | mind. [an orb of fire]
 70891 | Zot:5    | Killed an orb of fire
 70955 | Zot:5    | Lost mutation: You are resistant to electric shocks.
                  | (rElec) [potion of mutation]
 70955 | Zot:5    | Lost mutation: You are partially covered in thin metallic
                  | scales. (AC +2) [potion of mutation]
 70955 | Zot:5    | Lost mutation: You are clumsy. (Dex -2) [potion of
                  | mutation]
 70955 | Zot:5    | Gained mutation: Your spells are a little harder to cast,
                  | but a little more powerful. [potion of mutation]
 70955 | Zot:5    | Gained mutation: You have a pair of small antennae on your
                  | head. [potion of mutation]
 70982 | Zot:5    | Noticed an orb of fire
 71005 | Zot:5    | Noticed an ancient lich
 71065 | Zot:5    | Killed an orb of fire
 71085 | Zot:5    | Killed an ancient lich
 71166 | Zot:5    | Noticed an ancient lich
 71178 | Zot:5    | Killed an ancient lich
 71523 | Zot:5    | Got the Orb of Zot
 71785 | Depths:3 | Noticed Lool the pandemonium lord
 71928 | D:14     | Noticed Tely the pandemonium lord
 71934 | D:14     | Gained mutation: You are very frail. (-20% HP) [a
                  | cacodemon]
 71989 | D:9      | Noticed a seraph
 72177 | D:$      | Escaped with the Orb!

Levels and vault maps discovered:
D:1:      dpeg_arrival_long_road, layout_loops_ring, bh_walls_and_bars
D:2:      layout_rooms, first_ration, hangedman_decor_lopped,
          nemelex_spade_bored_becter
D:3:      layout_rooms, amethyst_killhole, uniq_terence
D:4:      layout_basic, serial_shops, shop_coins,
          chequers_serial_rivers_small_3, fountainhead, uniq_grinder
D:5:      layout_basic, uniq_sigmund
D:6:      layout_basic, gammafunk_ghost_necromancy, eino_tiny_chamber,
          uniq_prince_ribbit1
D:7:      layout_layer_cave, minitemple, minmay_temple_entry_purple_smoke,
          minmay_joined_circles, uniq_duvessa
D:8:      layout_basic, lair_entry_dummy, david_nohive_1
D:9:      layout_cave_pods
D:10:     layout_roguey, serial_shops, nicolae_shop_waterfront
D:11:     wander_river, layout_loops_ring, basic_altar, dk_noncrumbling_3,
          st_stairs_5, uniq_maurice
D:12:     layout_loops_ring, zombieorc2_lemuel, serial_glass, glass_columns_a,
          glass_columns_b, minmay_strange_pillars, kennysheep_four_rooms
D:13:     layout_basic, skrybe_vaults_entry_preservation,
          minmay_misc_feat_ornament
D:14:     layout_rooms, basic_altar, enter_trove_6, portal_ice_cave_entry_imps
D:15:     grunt_enter_depths_hoard, layout_rooms, basic_altar,
          nicolae_dithmenos_through_a_glass_darkly, uniq_rupert
Lair:1:   gammafunk_cloud_chamber, layout_layer_cave, basic_altar, st_stairs_5,
          grunt_megastairs_4, lemuel_fruit_tree
Lair:2:   layout_long_grid, minmay_swamp_entry_reptiles,
          nicolae_spider_entry_non_spiders, chequers_serial_rivers_room_b
Lair:3:   layout_layer_cave, st_stairs_9
Lair:4:   layout_gridlike
Lair:5:   layout_layer_cave, enter_volcano_4, uniq_nessos, uniq_sonja
Lair:6:   hangedman_lair_caniforms_friends, layout_regular_city,
          guppyfry_lair_end_dragon, dpeg_slime_entry_enclosed_altar,
          worms_lemuel, grunt_megastairs_2
Swamp:1:  layout_basic_swamp, evilmike_swamp_ruin_rubble_2, swamp_pool1,
          nicolae_swamp_dense_foliage
Swamp:2:  layout_falls_marsh, infiniplex_staircase_pool, swamp_pool2
Swamp:3:  gammafunk_the_bubble [the_bubble_gammafunk_plus_minus],
          layout_basic_swamp, hangedman_swamp_ruin_wall, swamp_pool1
Swamp:4:  swamp_alternative, layout_basic_swamp
Spider:1: layout_spider_delve, ebering_ghost_reflecting_pool, uniq_roxanne,
          uniq_donald, uniq_nikola, uniq_kirke
Spider:2: layout_spider_delve, nicolae_looking_at_the_future, uniq_frances
Spider:3: layout_spider_delve
Spider:4: floodkiller_spider_rune_tomb, uniq_aizul, uniq_arachne
Orc:1:    layout_caves
Orc:2:    pf_orc_diabolical, layout_diamond_mine
Elf:1:    layout_geoelf_octagon, portal_desolation_entry_salt, serial_shops,
          shop, kennysheep_underground_church
Elf:2:    layout_loops_cross, grunt_ministairs_11, nicolae_elf_big_sculpture_2
Elf:3:    grunt_elf_hall_spiral, layout_geoelf_grid, minivault_11, drop_trap,
          minivault_28, uniq_saint_roka
Vaults:1: nicolae_vaults_arrows, ontoclasm_vaults_spin,
          nicolae_vaults_little_squares_3, v_misc_25, hangedman_vaults_slice,
          nicolae_vaults_little_ls, nicolae_vaults_angled_halls, v_misc_3,
          v_misc_26, nicolae_vaults_yaktaur_gun_rack, layout_vaults_omnibox,
          serial_shops, shop
Vaults:2: vaults_mumra_chevron_long, vaults_standard_mumra_enter_the_diamond,
          nicolae_vaults_c_with_doors, v_misc_19, ontoclasm_vaults_hangar,
          vaults_room_pools, v_misc_24, ontoclasm_vaults_shuriken,
          vaults_dpeg_encased_lava, hangedman_vaults_nails,
          layout_vaults_big_room, uniq_asterion
Vaults:3: blue_anna_dwarven_crypt, hangedman_vaults_slice,
          nicolae_vaults_little_squares_2, ontoclasm_vaults_ring_large,
          v_misc_28, ontoclasm_vaults_loading_screen, vaults_room_ringed_pool,
          v_misc_10, nicolae_vaults_sealed_display, st_lattice,
          layout_vaults_ring
Vaults:4: nicolae_vaults_network_quinsquares
          [nicolae_vaults_network_quincunx_subvault,
          nicolae_vaults_network_quincunx_subvault,
          nicolae_vaults_network_quincunx_subvault,
          nicolae_vaults_network_quincunx_subvault], hangedman_vaults_stagger,
          nicolae_vaults_little_squares_1, v_misc_18, ontoclasm_vaults_fault,
          v_misc_29, hangedman_vaults_unwind, v_misc_27, dpeg_vaults_waves,
          vaults_dpeg_hooks, vaults_room_stairs_pillars, layout_vaults_omnicross
Vaults:5: serial_shops
Crypt:1:  layout_regular_city
Crypt:2:  layout_catacombs
Crypt:3:  evilmike_haunted_forest, uniq_xtahua
Depths:1: layout_cave_pools, enter_ziggurat_d, abyss_entry_crystal,
          grunt_decor_mini_mirrors, hell_entry, hangedman_abyss_or_decor_slice,
          minmay_fractal_squares_diagonal_5
Depths:2: minmay_the_grid_triangle_9x9_recursive_2_mashed
          [minmay_the_grid_triangle_9x9_prize_special,
          minmay_the_grid_triangle_9x9_minimal,
          minmay_the_grid_triangle_9x9_dagger,
          minmay_the_grid_triangle_9x9_longest], layout_gridlike,
          pf_vacation_house_of_asmodeus, special_room [special_room_morgue],
          serial_bayou_shore_a, infiniplex_staircase_diamond
Depths:3: grunt_house_of_mirrors, layout_small_grid, pan_entry,
          grunt_metal_band, uniq_frederick, uniq_sojobo, uniq_bai_suzhen
Depths:4: constructs_gauntlet_mu_hangedman, layout_basic, minmay_misc_feat_x,
          minmay_room_of_horrors, pf_hell_entry_tar_river, ice2_lemuel,
          minmay_shop_grove, infiniplex_staircase_pool_2
Depths:5: evilmike_zot_entry_hall, layout_basic, grunt_hell_entry_dis_old,
          abyss_entry, rand_demon_pan_entry_4, dk_noncrumbling_4,
          grunt_decor_arrowhead, uniq_jory
Zot:1:    nicolae_moth_party, layout_misc_corridors, nicolae_lava_and_water
Zot:2:    layout_basic, st_single_dragon_hoard_4
Zot:3:    layout_concentric_octagons
Zot:4:    layout_basic, grunt_ministairs_9
Zot:5:    layout_basic

Skill      XL: |  1  2  3  4  5  6  7  8  9 10 11 12 13 14 15 16 17 18 19 20 21 22 23 24 25 26 27 |
---------------+----------------------------------------------------------------------------------+-----
Fighting       | 4 5 6 7 8 9 10 11 12 13 14 15 16 18 20 22 23 24 25 27 | 27.0
Axes           | 3 4 5 7 8 9 11 13 14 15 16 17 18 | 18.2
Shields        | 4 5 8 9 11 13 14 16 18 19 20 21 | 21.5
Throwing       | 1 3 4 5 6 7 8 9 10 11 18 | 18.9
Armour         | 4 5 6 7 8 9 10 11 12 13 14 15 16 17 18 19 21 23 | 23.0
Invocations    | 4 7 8 9 11 12 | 12.9
Evocations     | 4 5 6 7 8 9 |  9.0
Maces & Flails | 1 |  1.2
Charms         | 11 12 | 12.3
Spellcasting   | 4 7 |  7.0
Necromancy     | 5 8 11 | 11.0
Earth Magic    | 1 5 8 10 | 10.9
Transmutations | 1 3 |  3.9
Air Magic      | |  0.4

Action                   |  1- 3 |  4- 6 |  7- 9 | 10-12 | 13-15 | 16-18 | 19-21 | 22-24 | 25-27 || total
-------------------------+-------+-------+-------+-------+-------+-------+-------+-------+-------++-------
Melee: War axe           |    94 |   191 |   299 |   825 |  1265 |   747 |       |   102 |  1643 ||  5166
       Flail             |       |       |       |       |     8 |       |       |       |       ||     8
       Broad axe         |       |       |       |       |       |   569 |  1361 |  1460 |   594 ||  3984
Throw: Boomerang         |       |    30 |    20 |    20 |    51 |    98 |    14 |     3 |    96 ||   332
       Dart              |       |    13 |    87 |   112 |    10 |    47 |       |       |     3 ||   272
       Javelin           |       |       |       |       |       |       |       |       |    24 ||    24
 Cast: Song of Slaying   |       |       |       |       |       |       |       |    44 |    86 ||   130
       Regeneration      |       |       |       |       |       |       |       |    18 |    27 ||    45
       Passwall          |       |       |       |       |       |       |       |       |     1 ||     1
Invok: Elemental Force   |       |       |       |       |     5 |     5 |     4 |     1 |     3 ||    18
       Disaster Area     |       |       |       |       |       |       |       |     6 |     2 ||     8
 Abil: Evoke Flight      |       |       |       |       |       |       |       |       |     3 ||     3
Evoke: Wand              |       |       |       |       |     7 |       |       |       |     8 ||    15
       Phial of floods   |       |       |       |       |       |       |     1 |       |       ||     1
       Lamp of fire      |       |       |       |       |       |       |       |       |     1 ||     1
       Phantom mirror    |       |       |       |       |       |       |       |       |     1 ||     1
  Use: Scroll            |       |       |     5 |    12 |    20 |    13 |     4 |    16 |    35 ||   105
       Potion            |       |       |       |       |     3 |       |     1 |     8 |    26 ||    38
 Stab: Petrifying        |       |       |       |       |     6 |       |       |       |       ||     6
       Petrified         |       |       |       |       |     5 |       |       |       |       ||     5
       Confused          |       |       |       |       |       |     2 |       |       |       ||     2
       Distracted        |       |       |       |       |       |       |     2 |     1 |     1 ||     4
       Invisible         |       |       |       |       |       |       |       |     2 |       ||     2
       Held in net/web   |       |       |       |       |       |       |       |       |     1 ||     1
       Paralysed         |       |       |       |       |       |       |       |       |     1 ||     1
  Eat: Chunk             |       |     8 |    18 |    18 |    22 |    19 |    16 |     5 |    19 ||   125
       Ration            |       |       |       |     4 |     4 |     6 |     2 |    10 |    11 ||    37
Armor: Scale mail        |    41 |    14 |       |       |       |       |       |       |       ||    55
       Chain mail        |       |    52 |   104 |    53 |       |   522 |   324 |   463 |    55 ||  1573
       Plate armour      |       |       |       |   171 |   171 |       |       |       |       ||   342
       Ring mail         |       |       |       |       |   124 |    23 |       |       |       ||   147
       Gold dragon scale |       |       |       |       |       |       |       |       |   923 ||   923
Dodge: Dodged            |    47 |    59 |    90 |    96 |   183 |   301 |   164 |   202 |   306 ||  1448
       Deflected         |       |       |       |     4 |     8 |    16 |    12 |    15 |    26 ||    81
Block: Shield            |    41 |    91 |   110 |    52 |       |       |       |   434 |  2123 ||  2851
       Large shield      |       |       |       |   698 |  1380 |  1883 |  1598 |  1243 |       ||  6802
       Reflection        |       |       |       |       |       |       |       |    53 |   111 ||   164

Table legend:
 A = Non-vault XP
 B = Vault XP
 C = Vault XP percentage of total XP
 D = Non-vault monster count
 E = Vault monster count
 F = Vault count percentage of total count
                 A         B        C        D         E       F
            +---------+---------+-------+---------+---------+-------
      Total |  775529 |  927093 |  54.5 |    1582 |    1154 |  42.2
            +---------+---------+-------+---------+---------+-------
        D:1 |      52 |       0 |   0.0 |      27 |       0 |   0.0
        D:2 |      77 |       0 |   0.0 |      12 |       0 |   0.0
        D:3 |     187 |      36 |  16.1 |      25 |       1 |   3.8
        D:4 |     217 |       0 |   0.0 |       7 |       0 |   0.0
        D:5 |     280 |     231 |  45.2 |       4 |       1 |  20.0
        D:6 |     489 |     296 |  37.7 |      18 |       1 |   5.3
        D:7 |     966 |    1000 |  50.9 |      19 |      15 |  44.1
        D:8 |    2803 |    1128 |  28.7 |      33 |      14 |  29.8
        D:9 |    1847 |       0 |   0.0 |      27 |       0 |   0.0
       D:10 |    3964 |       0 |   0.0 |      29 |       0 |   0.0
       D:11 |    4936 |     679 |  12.1 |      31 |       5 |  13.9
       D:12 |    4590 |    3533 |  43.5 |      44 |      41 |  48.2
       D:13 |   11651 |    2268 |  16.3 |      37 |       9 |  19.6
       D:14 |    5653 |     123 |   2.1 |      22 |      12 |  35.3
       D:15 |    9357 |    3889 |  29.4 |      22 |       4 |  15.4
     Lair:1 |    1995 |    1177 |  37.1 |       5 |       7 |  58.3
     Lair:2 |    6049 |    1308 |  17.8 |      26 |      13 |  33.3
     Lair:3 |    7222 |     310 |   4.1 |      23 |       1 |   4.2
     Lair:4 |    5618 |       0 |   0.0 |      26 |       0 |   0.0
     Lair:5 |    6275 |    2089 |  25.0 |      28 |       2 |   6.7
     Lair:6 |    6388 |   20727 |  76.4 |      24 |      94 |  79.7
    Swamp:1 |   15352 |       0 |   0.0 |      39 |       0 |   0.0
    Swamp:2 |   12554 |       0 |   0.0 |      32 |       0 |   0.0
    Swamp:3 |   10332 |   12724 |  55.2 |      23 |      21 |  47.7
    Swamp:4 |   26060 |   12387 |  32.2 |      64 |      22 |  25.6
   Spider:1 |   18066 |   11705 |  39.3 |      58 |       6 |   9.4
   Spider:2 |   22304 |    3537 |  13.7 |      57 |      16 |  21.9
   Spider:3 |   18507 |    5489 |  22.9 |      54 |       2 |   3.6
   Spider:4 |   10547 |   36168 |  77.4 |      26 |      71 |  73.2
      Orc:1 |    2118 |       0 |   0.0 |      14 |       0 |   0.0
      Orc:2 |    2017 |   16238 |  89.0 |      21 |      66 |  75.9
      Elf:1 |   14905 |    5393 |  26.6 |      23 |      10 |  30.3
      Elf:2 |   12693 |   26051 |  67.2 |      19 |      32 |  62.7
      Elf:3 |   30281 |   52665 |  63.5 |      55 |      48 |  46.6
   Vaults:1 |    8316 |   28374 |  77.3 |      26 |      50 |  65.8
   Vaults:2 |   21622 |   25573 |  54.2 |      41 |      44 |  51.8
   Vaults:3 |   49780 |   12114 |  19.6 |      71 |      16 |  18.4
   Vaults:4 |   43142 |   59171 |  57.8 |      71 |      47 |  39.8
   Vaults:5 |   34137 |  112498 |  76.7 |      59 |      75 |  56.0
    Crypt:1 |   29412 |       0 |   0.0 |      42 |       0 |   0.0
    Crypt:2 |    9058 |       0 |   0.0 |      27 |       0 |   0.0
    Crypt:3 |       0 |   70640 | 100.0 |       0 |     100 | 100.0
   Depths:1 |   18031 |    6717 |  27.1 |      25 |       7 |  21.9
   Depths:2 |   18492 |   59187 |  76.2 |      26 |      33 |  55.9
   Depths:3 |   34308 |   57024 |  62.4 |      43 |      29 |  40.3
   Depths:4 |   38610 |   37356 |  49.2 |      40 |      54 |  57.4
   Depths:5 |   21338 |   22472 |  51.3 |      19 |      17 |  47.2
      Zot:1 |   53329 |   15318 |  22.3 |      38 |      12 |  24.0
      Zot:2 |   40294 |    4134 |   9.3 |      26 |       1 |   3.7
      Zot:3 |   34307 |       0 |   0.0 |      22 |       0 |   0.0
      Zot:4 |   18589 |    3953 |  17.5 |      12 |       2 |  14.3
      Zot:5 |   26412 |  157830 |  85.7 |      20 |      39 |  66.1
      IceCv |       0 |   12927 | 100.0 |       0 |      57 | 100.0
    Volcano |       0 |    4734 | 100.0 |       0 |      14 | 100.0
 Desolation |       0 |   15920 | 100.0 |       0 |      43 | 100.0
            +---------+---------+-------+---------+---------+-------
